 Dungeon Crawl Stone Soup version 0.29-a0-520-gc852659d43 (console) character file.

Game seed: 2511365433223669107

644 om the Cutter (level 7, -8/36 HPs)
             Began as a Vampire Enchanter on May 31, 2022.
             Was an Initiate of Dithmenos.
             Mangled by an iguana (14 damage)
             ... on level 5 of the Dungeon.
             The game lasted 00:13:38 (7353 turns).

om the Cutter (Vampire Enchanter)                   Turns: 7353, Time: 00:13:38

Health: -8/36      AC:  0    Str:  5 (7)  XL:     7   Next: 26%
Magic:  9/11       EV: 19    Int: 16 (18) God:    Dithmenos [......]
Gold:   221        SH:  0    Dex: 19 (21) Spells: 7/12 levels left

rFire   . . .      SeeInvis +   (weapon currently unavailable)
rCold   + + .      Faith    .   (shield currently unavailable)
rNeg    + + +      Spirit   .   (body armour currently unavailable)
rPois   ∞          Reflect  .   (helmet currently unavailable)
rElec   .          Harm     .   (cloak currently unavailable)
rCorr   .          Rampage  .   (gloves currently unavailable)
Will    .....                   (boots currently unavailable)
Stlth   +++++.....              i - amulet of magic regeneration
HPRegen 0.00/turn               (ring currently unavailable)
MPRegen 0.52/turn               (ring currently unavailable)

@: bat-form, flying, bloodless, inhibited regen, very quick
A: fast, flying, no casting, tiny, bloodless, fangs 3, see invisible, vampiric 2
a: Revivify, End Transformation, Renounce Religion


You were on level 5 of the Dungeon.
You worshipped Dithmenos.
Dithmenos was noncommittal.
You were a vampire bat.
You visited 1 branch of the dungeon, and saw 5 of its levels.
You also visited: Sewer.

You collected 221 gold pieces.

Inventory:

Hand Weapons
 a - a +1 dagger of freezing
 f - a +0 short sword of draining
 l - a +1 short sword of venom (melded)
Armour
 b - a +0 robe (melded)
 g - a scarf of repulsion (melded)
Jewellery
 i - an amulet of magic regeneration (around neck)
 j - an amulet of guardian spirit
 v - a ring of fire
 x - a ring of protection from fire (melded)
Wands
 u - a wand of iceblast (10)
Scrolls
 m - 2 scrolls of identify {unknown}
 n - 2 scrolls of teleportation {unknown}
 o - a scroll of noise {unknown}
 p - 2 scrolls of fear {unknown}
 q - a scroll of immolation {unknown}
 r - a scroll of fog {unknown}
 w - a scroll of enchant armour {unknown}
Potions
 c - a potion of invisibility
 d - a potion of might {unknown}
 e - 4 potions of degeneration
 h - 3 potions of curing {unknown}
 k - 2 potions of magic {unknown}
 s - 5 potions of flight
 t - a potion of attraction {unknown}


   Skills:
 + Level 7.6 Short Blades
 - Level 2.1 Dodging
 - Level 4.4 Stealth
 - Level 3.0 Spellcasting
 - Level 6.0 Hexes


You had 7 spell levels left.
You knew the following spells:

 Your Spells              Type           Power      Damage    Failure   Level
a - Ensorcelled Hibernat  Hex/Ice        24%        N/A       9%          2
b - Confusing Touch       Hex            21%        N/A       4%          3

Your spell library contained the following spells:

 Spells                   Type           Power      Damage    Failure   Level
 Tukima's Dance           Hex            21%        N/A       4%          3
 Dazzling Flash           Conj/Hex       24%        N/A       16%         3
 Iskenderun's Battlesphe  Conj           2%         2d6       99%         5
 Iron Shot                Conj/Erth      1%         9d1       100%        6
 Spellforged Servitor     Conj/Summ      1%         N/A       100%        7


Dungeon Overview and Level Annotations

Branches:
Dungeon (5/15)              Sewer (visited)
 Temple: D:4-7

Altars:
Dithmenos
Nemelex Xobeh
Xom
Zin

Shops:
D:2 [


Innate Abilities, Weirdness & Mutations

You are a vampire bat.
You are tiny and dextrous.
You move quickly.
You are flying.
You are immune to poison.
Your equipment is almost entirely melded.
You are incapable of wielding weapons or throwing items.
You cannot cast spells.
You do not regenerate when monsters are visible.
You are frail without blood (-20% HP).
You can heal yourself when you bite living creatures.
You are immune to poison.
You have razor-sharp teeth.
You have supernaturally acute eyesight. (SInv)
You are afflicted with vampirism and can become a bat while bloodless.


Message History

An adder comes into view.
The adder hisses angrily.
You hit the orc.
The orc is poisoned.
The orc is almost dead.
Something shouts, "Escape, thou erky spur-galled gnoll-tail!"
The orc barely misses you.
You hit the orc.
You kill the orc!
Dithmenos accepts your kill. The iguana bites you.
The gnoll hits you with a +0 whip of electrocution.
You are electrocuted!!
Ouch! That really hurt!
* * * LOW HITPOINT WARNING * * *
There is an open door, spattered with blood here.
You see here a +0 whip.
Aiming: Ensorcelled Hibernation (safe; 7% risk of failure)
Press: ? - help, Q - select action, (/) - cycle Shift-Dir - straight line, f - gnoll
Aim: a gnoll, wielding a +0 whip of electrocution and quivering a throwing net (chance to affect: 55%)
The gnoll looks drowsy...
The iguana bites you but does no damage.
The helpless gnoll fails to defend itself.
You bite the gnoll, and draw its blood!
You feel better.
You skewer the gnoll like a kebab!!!
You kill the gnoll!
Dithmenos accepts your kill. The iguana bites you.
The iguana attacks as you move away! The iguana bites you.
* * * LOW HITPOINT WARNING * * *
Okay, then.
You turn into a vampire bat.
Your +1 short sword of venom melds into your body.
Your scarf of repulsion melds into your body.
Your +0 robe melds into your body.
Your ring of protection from fire melds into your body.
Your +1 short sword of venom stops dripping with poison.
The haze of the repulsion field disappears.
You feel weakened.
You feel dopey.
You feel clumsy. The iguana bites you!
You die...

<....# .....# .....#
.....# .....# .....#
.....# ##### ### .....#
#...# #..+ .....#
#.8.+#...#
.....##########...#...#
..............#.bl#).#
#############.'.8.5#
###...#S# #...#..#
#.8.+##.. #...# .##
##### #


You could see an iguana, an adder and a white imp.

Vanquished Creatures
  A sky beast (D:4)
  A gnoll sergeant (D:4)
  A hound (D:4)
  3 jellies (D:2)
  Ijyb (D:4)
  Robin (D:2)
  2 river rats (Sewer)
  13 adders
  5 gnolls
  2 dart slugs
  4 worms
  4 orcs
  15 bats
  16 endoplasms
  5 giant cockroaches
  16 goblins
  9 hobgoblins
  5 jackals
  4 quokkas
  10 ball pythons
  6 frilled lizards
  15 kobolds
  4 rats
143 creatures vanquished.

Vanquished Creatures (others)
  2 fungi (D:2)
  10 toadstools (D:2)
12 creatures vanquished.

Grand Total: 155 creatures vanquished

Notes
Turn   | Place    | Note
-------+----------+-------------------------------------------
     0 | D:1      | om the Vampire Enchanter began the quest for the Orb.
     0 | D:1      | Reached XP level 1. HP: 13/13 MP: 3/3
   241 | D:1      | Reached skill level 2 in Short Blades
   367 | D:1      | Reached XP level 2. HP: 19/19 MP: 5/5
   408 | D:1      | Learned a level 2 spell: Ensorcelled Hibernation
  1240 | D:1      | Reached skill level 3 in Short Blades
  1545 | D:1      | Found a faded altar of an unknown god.
  1834 | D:2      | Found Sahoca's Armour Shop.
  1840 | D:2      | Gained mutation: You are afflicted with vampirism and can
                  | become a bat while bloodless. [Vampire growth]
  1840 | D:2      | Reached XP level 3. HP: 20/23 MP: 6/6
  2199 | D:2      | Noticed Robin
  2204 | D:2      | Reached skill level 4 in Short Blades
  2218 | D:2      | Killed Robin
  2219 | D:2      | Reached XP level 4. HP: 22/24 MP: 0/7
  2959 | D:2      | Reached skill level 5 in Short Blades
  3129 | D:2      | Reached XP level 5. HP: 23/28 MP: 3/8
  3316 | D:2      | Reached skill level 6 in Short Blades
  3862 | D:3      | Learned a level 3 spell: Confusing Touch
  4204 | D:3      | Found a glowing drain.
  4214 | Sewer    | Entered a sewer
  4437 | Sewer    | Reached XP level 6. HP: 29/32 MP: 9/9
  4563 | Sewer    | Reached skill level 5 in Hexes
  5560 | D:3      | Found a sparkling altar of Nemelex Xobeh.
  5569 | D:3      | Found a shadowy altar of Dithmenos.
  5611 | D:3      | Became a worshipper of Dithmenos the Shadowed
  5689 | D:4      | Noticed Ijyb
  5695 | D:4      | Killed Ijyb
  5780 | D:4      | Noticed a sky beast
  5797 | D:4      | Killed a sky beast
  6162 | D:4      | Found a shimmering altar of Xom.
  6230 | D:4      | Reached skill level 7 in Short Blades
  6230 | D:4      | Reached XP level 7. HP: 33/36 MP: 8/11
  6240 | D:4      | Found the +9 heavy crossbow "Sniper" {vorpal, Acc+∞ SInv}
  7315 | D:5      | Entered Level 5 of the Dungeon
  7353 | D:5      | Mangled by an iguana

Illustrated notes

Levels and vault maps discovered:
D:1:      tarquinn_simple_flora_water_f, layout_basic,
          hellmonk_ecumenical_altar_prayer_group, dreamdust_princess_corridor,
          minmay_tree_intersection
D:2:      cheibrodos_fertilizer, layout_basic, serial_shops, shop, uniq_robin
D:3:      layout_loops_ring, mainiacjoe_overflow_swirl, zin_statuary,
          portal_sewer_entry_d
D:4:      minmay_clustersquares, layout_basic, mainiacjoe_overflow_chevrons,
          uniq_ijyb
D:5:      minmay_chambers_of_threes, layout_basic, okawaru_trees_2,
          old_standard_altar

Skill      XL: |  1  2  3  4  5  6 |
---------------+-------------------+-----
Short Blades   | 2 3 4 5 6 7 |  7.6
Hexes          | 6 |  6.0
Spellcasting   | 3 |  3.0
Dodging        | |  2.1
Stealth        | |  4.4

Action                   |  1- 3 |  4- 6 |  7- 9 || total
-------------------------+-------+-------+-------++-------
Melee: Dagger            |    46 |       |       ||    46
       Short sword       |    29 |   171 |    31 ||   231
       Bite              |     2 |    18 |     3 ||    23
 Cast: Ensorcelled Hiber |    18 |    25 |     9 ||    52
       Confusing Touch   |       |     1 |       ||     1
 Abil: Exsanguinate      |     1 |       |       ||     1
       Bat Form          |       |       |     1 ||     1
  Use: Potion            |       |     3 |       ||     3
       Scroll            |       |     2 |       ||     2
 Stab: Sleeping          |    28 |    45 |     3 ||    76
       Distracted        |       |     1 |       ||     1
       Confused          |       |     1 |       ||     1
Armor: Robe              |    17 |    21 |     5 ||    43
Dodge: Dodged            |    32 |   114 |    18 ||   164

Table legend: (Time is in decaauts)
 A = Elapsed time spent in this place.
 B = Non-inter-level travel time spent in this place.
 C = Inter-level travel time spent in this place.
 D = Time resting spent in this place.
 E = Time spent auto-exploring this place.
 F = Levels seen in this place.
 G = Mean time per level.
                   A        B        C        D        E       F      G
               +--------+--------+--------+--------+--------+-----+--------+
         Total |   7478 |   7246 |    232 |   2610 |   3232 |   6 | 1246.3 |
       Dungeon |   6317 |   6085 |    232 |   2287 |   2784 |   5 | 1263.4 |
         Sewer |   1161 |   1161 |      0 |    323 |    447 |   1 | 1161.0 |
               +--------+--------+--------+--------+--------+-----+--------+

Top non-repeatable levels by time:
     D:1: 2178 daAuts
     D:4: 1611 daAuts
     D:2: 1527 daAuts
   Sewer: 1161 daAuts
     D:3: 964 daAuts
     D:5: 36 daAuts
